Map: [ESL] Crimson Court

Players

Maru - Winner!

  • Race: Terran Terran
  • Spawn Location: 1:00

Dark

  • Race: Zerg Zerg
  • Spawn Location: 7:00

Event: ESL Spring 2024 Finals

VOD

Have the link to the VOD?

Description

Time

  • Played on: June 2, 2024, 12:19 p.m.
  • Length: 12:31

All games in this series

Show
View Real Time Build Order
Export as new Build Order

Maru Terran - Winner!

Build Orders:  

Get SALT Encoding   

  12  0:00  SCV  
  13  0:12  SCV  
  14  0:17  Supply Depot  
  14  0:24  SCV  
  15  0:39  SCV  
  15  0:40  Barracks  
  16  0:43  Refinery  
  16  0:51  SCV  
  17  0:58  Barracks  
  17  1:03  SCV  
  18  1:15  SCV  
  19  1:28  Reaper  
  19  1:29  Orbital Command  
  19  1:30  Supply Depot  
  20  1:45  Reaper  
  22  1:54  SCV  
  22  2:03  Reaper  
  22  2:06  SCV  
  24  2:10  Command Center  
  24  2:18  SCV  
  24  2:22  Refinery  
  25  2:28  Marine  
  26  2:30  SCV  
  27  2:42  SCV  
  28  2:54  SCV, Factory  
  29  2:59  Command Center  
  29  3:02  Barracks Reactor  
  29  3:06  SCV  
  29  3:08  Barracks Tech Lab  
  30  3:19  SCV  
  31  3:23  Orbital Command  
  31  3:31  SCV, Marine  
  33  3:35  Engineering Bay  
  33  3:37  Engineering Bay  
  33  3:41  Marine  
  33  3:42  Marine  
  33  3:43  SCV  
  33  3:48  Stimpack  
  36  3:49  Marine  
  36  3:51  SCV  
  36  3:55  SCV  
  39  4:03  SCV  
  39  4:04  Terran Infantry Weapons Level 1, Terran Infantry Armor Level 1  
  39  4:07  SCV, Marine  
  39  4:08  Marine x2  
  44  4:16  SCV  
  46  4:19  Orbital Command, SCV  
  46  4:25  Marine x2  
  46  4:28  Starport, Factory Reactor  
  46  4:30  SCV  
  49  4:32  Marine  
  49  4:34  SCV  
  51  4:43  Marine x2  
  50  4:48  SCV x3  
  50  4:50  Marine  
  54  4:56  Supply Depot  
  54  4:58  Refinery  
  54  5:00  SCV x3  
  54  5:01  Supply Depot, Marine x2  
  59  5:08  Supply Depot  
  59  5:10  Factory Tech Lab  
  59  5:11  Medivac  
  61  5:16  Refinery  
  61  5:17  Medivac  
  61  5:18  SCV x3  
  61  5:19  Armory  
  61  5:21  Orbital Command  
  66  5:23  Marine  
  66  5:24  Marine x2  
  69  5:33  SCV  
  70  5:40  SCV, Barracks  
  70  5:42  Barracks  
  71  5:43  Siege Tank, Barracks  
  71  5:47  SCV x2  
  71  5:49  Combat Shield  
  76  5:52  SCV  
  76  5:54  Supply Depot  
  76  5:56  Marine x2  
  79  5:57  Medivac  
  79  5:59  SCV x2  
  79  6:00  Marine  
  84  6:04  SCV  
  84  6:05  Supply Depot  
  85  6:14  Supply Depot  
  85  6:15  Marine  
  85  6:16  SCV x2, Terran Infantry Weapons Level 2  
  88  6:21  Marine x2  
  90  6:26  SCV  
  90  6:28  SCV  
  90  6:29  Terran Infantry Armor Level 2  
  91  6:33  Marine  
  91  6:35  Barracks Reactor x2  
  91  6:38  SCV  
  91  6:39  Marine x2  
  95  6:41  Barracks Reactor  
  95  6:44  SCV x2  
  97  6:47  Command Center  
  97  6:48  Supply Depot  
  97  6:50  Siege Tank, SCV  
  97  6:51  Marine  
  102  6:56  SCV  
  102  6:57  Marine x2  
  102  6:58  SCV  
  105  7:03  SCV  
  105  7:05  Supply Depot  
  105  7:06  Supply Depot  
  105  7:08  SCV  
  107  7:09  Marine, Refinery  
  107  7:10  SCV  
  107  7:11  Terran Vehicle Weapons Level 1, Factory  
  107  7:13  Marine  
  107  7:14  Marine x2  
  107  7:15  Marine x2  
  114  7:16  Marine  
  114  7:17  Marine  
  114  7:22  SCV  
  117  7:23  Refinery  
  117  7:27  SCV x2, Marine, Siege Tank  
  123  7:34  SCV  
  123  7:35  Supply Depot, Medivac  
  126  7:39  SCV  
  126  7:42  Marine  
  128  7:44  Barracks  
  128  7:45  Barracks  
  128  7:47  Barracks, Medivac  
  128  7:48  SCV  
  131  7:56  Marine x4  
  135  7:59  Marine  
  135  8:02  SCV x2  
  135  8:04  Factory Reactor  
  135  8:05  Medivac  
  140  8:10  SCV  
  131  8:16  SCV x2, Medivac  
  131  8:17  Missile Turret  
  131  8:18  Missile Turret x2  
  131  8:19  Thor, Drilling Claws  
  132  8:20  Marine x2, Marauder  
  132  8:22  SCV, Marine  
  132  8:25  Planetary Fortress  
  138  8:28  SCV  
  138  8:30  Marine  
  138  8:31  Marine x2  
  138  8:33  Barracks Tech Lab  
  142  8:36  Barracks Tech Lab  
  142  8:39  Missile Turret  
  140  8:43  Marine  
  140  8:46  Barracks Tech Lab  
  140  8:48  Terran Infantry Weapons Level 3  
  141  8:49  Barracks Tech Lab  
  141  8:50  SCV x2  
  141  8:52  Unknown  
  141  8:54  Supply Depot  
  141  8:55  Supply Depot, SCV  
  144  9:00  Marine  
  144  9:01  Marine x3  
  144  9:02  SCV x2  
  136  9:07  SCV  
  137  9:10  Terran Infantry Armor Level 3  
  137  9:12  Widow Mine  
  137  9:14  SCV, Widow Mine  
  142  9:19  SCV  
  142  9:20  Supply Depot, SCV  
  142  9:23  Marine x3, Marauder  
  142  9:24  Marauder  
  151  9:28  Marine x3  
  151  9:29  SCV, Marauder x2  
  151  9:30  SCV  
  160  9:32  Supply Depot  
  160  9:34  Widow Mine  
  160  9:36  Terran Vehicle And Ship Armor Level 1  
  160  9:37  Widow Mine  
  164  9:42  Widow Mine  
  164  9:43  Sensor Tower  
  164  9:44  Supply Depot  
  164  9:45  Marauder, Medivac  
  168  9:47  Marine x2  
  172  9:53  Marine x5  
  172  9:57  Supply Depot  
  172  9:58  Marine  
  172  9:59  Unknown, Marauder  
  180  10:06  Widow Mine x3  
  186  10:09  Sensor Tower  
  186  10:14  Marine x2  
  186  10:17  Missile Turret  
  186  10:18  Missile Turret x3  
  186  10:19  Marauder x2  
  192  10:26  Medivac  
  192  10:28  Widow Mine x3  
  158  10:35  Marine x2  
  158  10:36  Marauder x2  
  158  10:40  Medivac  
  161  10:43  Marine x2, Command Center, Marauder x2  
  161  10:45  Marine  
  161  10:49  Widow Mine x2  
  172  10:56  SCV x2  
  174  10:57  Supply Depot  
  174  11:02  Medivac  
  172  11:08  Marine  
  172  11:09  Marine x2, Marauder x3  
  181  11:13  Marine  
  181  11:14  Marauder  
  181  11:15  Medivac  
  181  11:17  Marine x3  
  178  11:22  Concussive Shells  
  178  11:23  Marine  
  175  11:26  Marine  
  175  11:30  Marauder x3  
  141  11:35  Marine x3  
  141  11:36  Marauder  
  141  11:37  Widow Mine x2  
  141  11:38  Widow Mine  
  142  11:41  SCV x3  
  142  11:43  Marine  
  142  11:44  Marine  
  146  11:50  Marine x2  
  146  11:51  Marauder  
  146  11:52  Marauder x2  
  154  11:54  Planetary Fortress  
  154  11:59  Widow Mine x2  
  154  12:01  Marine, Marauder  
  161  12:07  Marine x3  
  161  12:08  Marine x2  
Show
View Real Time Build Order
Export as new Build Order

Dark Zerg 

Build Orders: Hatch First 

Get SALT Encoding   

  12  0:00  Drone  
  13  0:12  Overlord  
  13  0:16  Drone  
  14  0:30  Drone x2  
  16  0:47  Hatchery  
  15  0:50  Drone  
  15  0:54  Drone  
  15  0:57  Drone  
  18  1:11  Spawning Pool  
  18  1:15  Drone  
  18  1:17  Drone  
  19  1:28  Drone  
  20  1:41  Drone  
  21  1:49  Drone, Hatchery  
  21  1:58  Queen  
  21  1:59  Zergling x2  
  25  2:01  Zergling x2  
  25  2:08  Queen  
  25  2:14  Overlord  
  27  2:16  Zergling x2  
  28  2:34  Queen  
  28  2:35  Drone  
  31  2:40  Drone x2  
  31  2:43  Drone x3  
  35  2:52  Overlord  
  35  3:00  Queen x2  
  39  3:08  Overlord  
  39  3:09  Drone x2  
  41  3:13  Drone x2  
  41  3:17  Drone x2  
  45  3:21  Drone x2  
  45  3:22  Drone  
  45  3:26  Drone  
  49  3:29  Drone  
  50  3:35  Queen  
  50  3:36  Drone  
  50  3:37  Drone, Extractor x2  
  50  3:40  Drone  
  53  3:45  Drone  
  53  3:46  Drone x3  
  53  3:48  Drone  
  58  4:02  Overlord  
  58  4:03  Overlord  
  58  4:06  Overlord  
  58  4:08  Overlord  
  58  4:11  Overlord  
  58  4:14  Overlord  
  58  4:17  Overlord  
  58  4:20  Queen  
  58  4:21  Drone x4  
  63  4:26  Drone x4  
  63  4:28  Drone  
  63  4:30  Queen  
  70  4:36  Drone x2  
  71  4:39  Drone  
  70  4:46  Drone x4  
  70  4:50  Drone x2  
  76  4:53  Drone x3  
  76  4:56  Lair  
  79  5:00  Metabolic Boost, Baneling Nest  
  79  5:01  Evolution Chamber  
  79  5:02  Evolution Chamber  
  79  5:05  Drone x3, Extractor x2  
  77  5:08  Drone  
  77  5:10  Drone x2, Extractor  
  77  5:11  Extractor  
  78  5:19  Drone  
  79  5:21  Drone x3  
  79  5:22  Drone  
  79  5:27  Zerg Melee Weapons Level 1  
  79  5:28  Drone x3  
  86  5:29  Overlord  
  86  5:31  Zergling x2  
  87  5:36  Zergling x4  
  87  5:40  Zerg Ground Armor Level 1  
  91  5:42  Drone x2  
  91  5:43  Drone  
  91  5:46  Hatchery  
  91  5:48  Overlord  
  91  5:54  Overlord  
  91  5:56  Overlord  
  91  5:57  Overlord x2  
  91  5:58  Zergling x2  
  91  5:59  Zergling x4  
  91  6:00  Zergling x2  
  95  6:05  Centrifugal Hooks  
  95  6:08  Drone x2, Spire  
  95  6:10  Drone  
  97  6:14  Zergling x6  
  97  6:18  Baneling x4  
  100  6:19  Baneling x2  
  100  6:29  Zergling x18  
  100  6:32  Hatchery  
  108  6:36  Overlord  
  108  6:48  Drone x2  
  108  6:49  Overlord  
  108  6:51  Hatchery  
  108  6:52  Baneling  
  107  7:08  Zergling x4  
  107  7:09  Zergling x2  
  107  7:10  Baneling x2  
  108  7:16  Zergling x14  
  108  7:22  Hatchery  
  114  7:25  Mutalisk x4  
  114  7:27  Zerg Melee Weapons Level 2  
  114  7:29  Mutalisk  
  122  7:30  Mutalisk  
  122  7:34  Zerg Flyer Weapons Level 1  
  122  7:36  Overlord  
  124  7:38  Overlord  
  124  7:45  Overlord  
  124  7:46  Overlord  
  124  7:50  Zerg Ground Armor Level 2  
  123  7:55  Mutalisk x7  
  137  7:59  Zergling x10  
  142  8:12  Zergling x2  
  142  8:13  Zergling x10  
  142  8:14  Mutalisk x3  
  153  8:23  Zergling x10  
  153  8:25  Zergling x2  
  153  8:26  Zergling x2, Overlord  
  160  8:27  Overlord x3  
  160  8:29  Baneling x2, Overlord, Hatchery  
  159  8:38  Overlord  
  159  8:42  Baneling x14  
  159  8:50  Drone x3  
  159  8:51  Drone x2  
  159  8:52  Zergling x6  
  159  8:53  Zergling x8  
  167  9:07  Drone x2  
  167  9:09  Infestation Pit  
  168  9:13  Zergling x28  
  182  9:26  Zergling x22  
  182  9:31  Zerg Flyer Weapons Level 2  
  193  9:38  Zergling x2  
  193  9:39  Zergling x4  
  196  9:46  Baneling x9  
  196  9:53  Drone x2  
  196  9:54  Drone  
  196  9:59  Hive  
  199  10:01  Baneling x24  
  199  10:09  Zergling x2  
  199  10:10  Zergling x2  
  199  10:11  Baneling  
  199  10:12  Baneling x5  
  199  10:16  Overseer, Pneumatized Carapace  
  199  10:25  Zergling x2  
  199  10:26  Zergling x10  
  157  10:37  Zergling x60  
  157  10:38  Zergling x2  
  183  10:44  Drone  
  183  10:47  Zergling x2  
  185  10:51  Zergling x18  
  185  10:56  Zergling x16  
  200  10:57  Baneling x2  
  200  11:03  Zergling x12  
  200  11:07  Baneling x3  
  200  11:08  Baneling x6  
  199  11:18  Zergling x4  
  177  11:19  Zergling x20  
  177  11:22  Zergling x2  
  136  11:36  Mutalisk x9  
  136  11:39  Zergling x4  
  137  11:42  Zergling x6  
  137  11:44  Baneling x4  
  137  11:45  Zergling x4  
  137  11:48  Zergling x2  
  137  11:49  Baneling x2, Zergling x4  
  137  11:50  Baneling  
  137  11:51  Zergling x2  
  137  11:52  Zergling x2  
  137  11:53  Zergling x2  
  143  11:55  Baneling x5  
  143  12:00  Zergling x10  
  133  12:11  Zergling x8  
Tags
 
Add a new tag
Caveats
  • Supply blocks, unpowered buildings, or Contaminate may cause inaccurate times.
  • Supply counts are checked every 10 seconds.